 Dungeon Crawl Stone Soup version 0.28.0-43-g3370ac3207 (webtiles) character file.

Game seed: 229445922371346884

464 Ablot the Grasshopper (level 7, -1/56 HPs)
             Began as a Gnoll Warper on Mar 6, 2022.
             Was an Initiate of Cheibriados.
             Slain by a gnoll sergeant
             ... wielding a +0 trident
              (13 damage)
             ... on level 5 of the Dungeon.
             The game lasted 00:06:04 (5574 turns).

Ablot the Grasshopper (Gnoll Warper)                Turns: 5574, Time: 00:06:04

Health: -1/56      AC:  4    Str: 13    XL:     7   Next: 7%
Magic:  15/15      EV: 17    Int: 14    God:    Cheibriados [......]
Gold:   178        SH:  0    Dex: 12    Spells: 13/17 levels left

rFire   . . .      SeeInvis .   a - +0 spear
rCold   . . .      Faith    .   (no shield)
rNeg    . . .      Spirit   .   b - +0 leather armour
rPois   .          Reflect  .   o - +0 helmet
rElec   .          Harm     .   (no cloak)
rCorr   .          Rampage  .   (no gloves)
Will    .....                   (no boots)
Stlth   ++........              x - amulet of magic regeneration
HPRegen 0.18/turn               y - +4 ring of evasion
MPRegen 0.54/turn               (no ring)

@: very slow
A: fangs 1, strong nose, distributed training
a: Renounce Religion


You were on level 5 of the Dungeon.
You worshipped Cheibriados.
Cheibriados was noncommittal.
You visited 2 branches of the dungeon, and saw 6 of its levels.

You collected 178 gold pieces.

Inventory:

Hand Weapons
 a - a +0 spear (weapon)
 k - a +0 hunting sling
Missiles
 d - 5 boomerangs of dispersal (quivered)
 f - 10 poisoned darts
 i - 169 stones
 j - a throwing net
 l - 8 bolts
 n - 21 sling bullets
 p - 19 arrows
 w - 4 boomerangs
Armour
 b - a +0 leather armour (worn)
 o - a +0 helmet (worn)
Magical Staves
 q - a staff of earth
Jewellery
 x - an amulet of magic regeneration (around neck)
 y - a +4 ring of evasion (left hand)
Wands
 v - a wand of mindburst (12)
Scrolls
 c - 2 scrolls of blinking
 g - a scroll of amnesia {unknown}
 h - 2 scrolls of enchant armour {unknown}
 r - a scroll of magic mapping {unknown}
 s - 3 scrolls of identify {unknown}
Potions
 e - 3 potions of berserk rage {unknown}
 m - 2 potions of resistance {unknown}
 u - a potion of degeneration {unknown}


   Skills:
 + Level 5.1 Fighting
 + Level 2.2 Short Blades
 + Level 2.2 Long Blades
 + Level 2.2 Axes
 + Level 2.2 Maces & Flails
 + Level 5.1 Polearms
 + Level 2.2 Staves
 + Level 2.2 Slings
 + Level 2.2 Bows
 + Level 2.2 Crossbows
 + Level 3.4 Throwing
 + Level 3.4 Armour
 + Level 5.1 Dodging
 + Level 2.2 Stealth
 + Level 2.2 Shields
 + Level 2.2 Unarmed Combat
 + Level 5.5 Spellcasting
 + Level 1.8 Conjurations
 + Level 1.8 Hexes
 + Level 1.8 Summonings
 + Level 1.8 Necromancy
 + Level 5.7 Translocations
 + Level 1.8 Transmutations
 + Level 1.8 Fire Magic
 + Level 1.8 Ice Magic
 + Level 1.8 Air Magic
 + Level 1.8 Earth Magic
 + Level 1.8 Poison Magic
 + Level 2.5 Invocations
 + Level 2.2 Evocations


You had 13 spell levels left.
You knew the following spells:

 Your Spells              Type           Power      Damage    Failure   Level
a - Blink                 Tloc           40%        N/A       3%          2
b - Wereblood             Tmut           8%         N/A       14%         2

Your spell library contained the following spells:

 Spells                   Type           Power      Damage    Failure   Level
 Gell's Gravitas          Tloc           20%        N/A       6%          3
 Lesser Beckoning         Tloc           20%        N/A       6%          3
 Teleport Other           Tloc           20%        N/A       6%          3
 Beastly Appendage        Tmut           16%        N/A       10%         1
 Freeze                   Ice            32%        1d5       10%         1
 Frozen Ramparts          Ice            16%        1d3       28%         3
 Spider Form              Tmut/Pois      8%         N/A       28%         3
 Manifold Assault         Tloc           20%        N/A       47%         5
 Hailstorm                Conj/Ice       8%         3d4       67%         4
 Dispersal                Tloc           10%        N/A       96%         6


Dungeon Overview and Level Annotations

Branches:
Dungeon (5/15)             Temple (1/1) D:4

Altars:
Cheibriados
Fedhas
Gozag
Hepliaklqana
Makhleb
Nemelex Xobeh
Okawaru
Qazlal
Trog
Uskayaw
Vehumet
Wu Jian
Xom
Zin

Shops:
D:3 (


Innate Abilities, Weirdness & Mutations

You have very sharp teeth.
Your uncanny sense of smell can sniff out nearby items.
Your experience applies equally to all skills.


Message History

You finish putting on your amulet of magic regeneration.
x - an amulet of magic regeneration (around neck)
Found a stone staircase leading down.
y - a +4 ring of evasion
y - a +4 ring of evasion (left hand) 2 gnolls come into view.
The gnoll shouts!
You hear a shout!
A gnoll sergeant comes into view. It is wielding a +0 trident.
You hear a shout!
The gnoll sergeant shouts!
The gnoll barely misses you.
A gnoll comes into view. It is wielding a +0 spear.
The gnoll hits you from afar with a +0 spear.
The gnoll sergeant hits you from afar with a +0 trident!
The gnoll closely misses you.
You reach to attack!
You closely miss the gnoll sergeant.
The gnoll sergeant hits you from afar with a +0 trident!
You are too injured to fight recklessly!
You are too injured to fight recklessly!
Throw: 2 javelins (silver)
Press: ? - help, Q - select action, (/) - cycle Shift-Dir - straight line, f/p - gnoll sergeant
Aim: a gnoll sergeant, wielding a +0 trident, wearing a +0 scale mail and wearing a +0 buckler (68% to hit)
You throw a silver javelin.
The silver javelin closely misses the gnoll sergeant.
The silver javelin pierces through the gnoll!
The gnoll is severely wounded.
The gnoll sergeant closely misses you.
Throw: javelin (silver)
Press: ? - help, Q - select action, (/) - cycle Shift-Dir - straight line, f - gnoll, p - gnoll sergeant
Aim: a gnoll, wielding a +0 spear (64% to hit)
You throw a silver javelin.
The silver javelin pierces through the gnoll sergeant but does no damage.
The gnoll sergeant is lightly wounded.
The silver javelin pierces through the gnoll!
You kill the gnoll!
Cheibriados thoroughly appreciates the change of pace.
The silver javelin barely misses the gnoll.
The gnoll sergeant hits you from afar with a +0 trident!
* * * LOW HITPOINT WARNING * * *
The gnoll sergeant hits you from afar with a +0 trident!
You die...

#........### ########.
#..........# ##...#....
#........#.####.........
#........#..##..........
#........##.............
#........#####..........
#######.## ##.........
#.# ##...#...# #@#
##..##... #.# ##......
#######g### ###....
.......gg.#### ##...
.........g...#### #...
...........#....### #...
.......(................
#########(..##>.## #....
.........###.#. ....#


You could see a gnoll sergeant and 2 gnolls.

Vanquished Creatures
  An ice beast (D:4)
  A scorpion (D:5)
  A bullfrog zombie (D:5)
  A jelly (D:4)
  A centaur skeleton (D:4)
  A hound (D:4)
  An iguana (D:3)
  A hound skeleton (D:5)
  A gnoll (D:5)
  8 adders
  3 worms (D:3)
  2 dart slugs (D:2)
  6 orcs
  5 endoplasms
  4 giant cockroaches
  10 goblins
  5 hobgoblins
  A quokka (D:1)
  6 ball pythons
  7 bats
  4 frilled lizards
  8 kobolds
  2 rats (D:2)
80 creatures vanquished.

Notes
Turn   | Place    | Note
-------+----------+-------------------------------------------
     0 | D:1      | Ablot the Gnoll Warper began the quest for the Orb.
     0 | D:1      | Reached XP level 1. HP: 20/20 MP: 6/6
   184 | D:1      | Reached XP level 2. HP: 24/26 MP: 7/7
   187 | D:1      | Learned a level 2 spell: Blink
   675 | D:1      | Found a faded altar of an unknown god.
   845 | D:2      | Reached skill level 5 in Spellcasting
   845 | D:2      | Reached XP level 3. HP: 31/31 MP: 7/9
  1117 | D:2      | Reached skill level 1 in Invocations
  1349 | D:2      | Reached skill level 1 in Short Blades
  1349 | D:2      | Reached skill level 1 in Long Blades
  1349 | D:2      | Reached skill level 1 in Axes
  1349 | D:2      | Reached skill level 1 in Maces & Flails
  1349 | D:2      | Reached skill level 1 in Staves
  1349 | D:2      | Reached skill level 1 in Slings
  1349 | D:2      | Reached skill level 1 in Bows
  1349 | D:2      | Reached skill level 1 in Crossbows
  1349 | D:2      | Reached skill level 1 in Stealth
  1349 | D:2      | Reached skill level 1 in Shields
  1349 | D:2      | Reached skill level 1 in Unarmed Combat
  1349 | D:2      | Reached skill level 1 in Evocations
  1623 | D:2      | Reached XP level 4. HP: 38/38 MP: 11/11
  1987 | D:3      | Found Akoduc's Antique Weapon Emporium.
  2423 | D:3      | Reached skill level 1 in Conjurations
  2423 | D:3      | Reached skill level 1 in Hexes
  2423 | D:3      | Reached skill level 1 in Summonings
  2423 | D:3      | Reached skill level 1 in Necromancy
  2423 | D:3      | Reached skill level 1 in Transmutations
  2423 | D:3      | Reached skill level 1 in Fire Magic
  2423 | D:3      | Reached skill level 1 in Ice Magic
  2423 | D:3      | Reached skill level 1 in Air Magic
  2423 | D:3      | Reached skill level 1 in Earth Magic
  2423 | D:3      | Reached skill level 1 in Poison Magic
  2730 | D:3      | Found a burning altar of Makhleb.
  2854 | D:3      | Reached XP level 5. HP: 3/43 MP: 9/12
  3256 | D:4      | Noticed an ice beast
  3267 | D:4      | Killed an ice beast
  3580 | D:4      | Found a snail-covered altar of Cheibriados.
  3593 | D:4      | Reached XP level 6. HP: 24/50 MP: 13/13
  3599 | D:4      | Became a worshipper of Cheibriados the Contemplative
  3930 | D:4      | Found a staircase to the Ecumenical Temple.
  3948 | D:4      | Learned a level 2 spell: Wereblood
  4013 | D:4      | Reached skill level 5 in Fighting
  4013 | D:4      | Reached skill level 5 in Polearms
  4013 | D:4      | Reached skill level 5 in Dodging
  4046 | Temple   | Entered the Ecumenical Temple
  4732 | D:5      | Entered Level 5 of the Dungeon
  5047 | D:5      | Reached XP level 7. HP: 27/56 MP: 15/15
  5574 | D:5      | Slain by a gnoll sergeant

Illustrated notes

Levels and vault maps discovered:
D:1:      scummos_arrival_simple_crosswalls, layout_basic,
          dreamdust_ecumenical_altar_grove
D:2:      layout_loops_corners
D:3:      layout_rooms, mainiacjoe_overflow_paths, serial_shops, shop,
          serial_bayou_lagoon_a
D:4:      layout_loops_cross, mainiacjoe_overflow_tiny_flanked, temple_pool_b
D:5:      layout_rooms, nicolae_ru_awakened_eye
Temple:   minmay_temple_bridge_abc

Skill      XL: |  1  2  3  4  5  6 |
---------------+-------------------+-----
Spellcasting   | 5 |  5.5
Invocations    | 1 2 |  2.5
Short Blades   | 1 2 |  2.2
Long Blades    | 1 2 |  2.2
Axes           | 1 2 |  2.2
Maces & Flails | 1 2 |  2.2
Staves         | 1 2 |  2.2
Slings         | 1 2 |  2.2
Bows           | 1 2 |  2.2
Crossbows      | 1 2 |  2.2
Stealth        | 1 2 |  2.2
Shields        | 1 2 |  2.2
Unarmed Combat | 1 2 |  2.2
Evocations     | 1 2 |  2.2
Conjurations   | 1 |  1.8
Hexes          | 1 |  1.8
Summonings     | 1 |  1.8
Necromancy     | 1 |  1.8
Transmutations | 1 |  1.8
Fire Magic     | 1 |  1.8
Ice Magic      | 1 |  1.8
Air Magic      | 1 |  1.8
Earth Magic    | 1 |  1.8
Poison Magic   | 1 |  1.8
Throwing       | 3 |  3.4
Armour         | 3 |  3.4
Fighting       | 5 |  5.1
Polearms       | 5 |  5.1
Dodging        | 5 |  5.1
Translocations | |  5.7

Action                   |  1- 3 |  4- 6 |  7- 9 || total
-------------------------+-------+-------+-------++-------
Melee: Spear             |    94 |   229 |    29 ||   352
       Bite              |     5 |    17 |     1 ||    23
       Punch             |       |     6 |       ||     6
Throw: Javelin           |       |     6 |     2 ||     8
 Cast: Blink             |       |     2 |       ||     2
 Stab: Sleeping          |     3 |     2 |     1 ||     6
       Distracted        |       |     1 |       ||     1
Armor: Leather armour    |    14 |    32 |     6 ||    52
Dodge: Dodged            |    25 |   101 |    12 ||   138
